 Dungeon Crawl Stone Soup version 0.30-a0-1042-gacf32f4bd3 (webtiles) character file.

Game seed: 2059501789884978970

20 MacCMillion the Shield-Bearer (level 2, 27/27 HPs)
             Began as a Minotaur Fighter on Apr 9, 2023.
             Quit the game on level 2 of the Dungeon on Apr 11, 2023.
             The game lasted 00:01:30 (662 turns).

MacCMillion the Shield-Bearer (Minotaur Fighter)     Turns: 662, Time: 00:01:31

Health: 27/27      AC:  7    Str: 20    XL:     2   Next: 58%
Magic:  1/1        EV: 14    Int:  5    God:
Gold:   54         SH:  4    Dex:  9    Spells: 1/1 levels left

rFire   . . .      SeeInvis .    a - +0 war axe
rCold   . . .      Faith    .    c - +0 buckler
rNeg    . . .      Spirit   .    b - +0 scale mail
rPois   .          Reflect  .    (helmet restricted)
rElec   .          Rampage  .    (no cloak)
rCorr   .                        (no gloves)
Will    .....                    (no boots) Stlth
                                 (no amulet)
HPRegen 0.24/turn                g - +5 ring of evasion
MPRegen 0.07/turn                (no ring)

@: no status effects
A: horns 2, retaliatory headbutt
a: no special abilities


You were on level 2 of the Dungeon.
You visited 1 branch of the dungeon, and saw 2 of its levels.

You collected 54 gold pieces.

Inventory:

Hand Weapons
 a - a +0 war axe (weapon)
Armour
 b - a +0 scale mail (worn)
 c - a +0 buckler (worn)
Jewellery
 g - a +5 ring of evasion (left hand)
Scrolls
 f - a scroll of fog {unknown}
 h - a scroll of poison {unknown}
 i - a scroll of teleportation {unknown}
Potions
 d - a potion of might
 e - a potion of degeneration {unknown}
 j - a potion of curing {unknown}


   Skills:
 - Level 3.8 Fighting
 + Level 3.2 Axes
 - Level 3.8 Armour
 - Level 4.0 Shields


You had one spell level left.
You didn't know any spells.
Your spell library contained the following spells:

 Spells                   Type           Power      Damage    Failure   Level
 Ensorcelled Hibernation  Hex/Ice        0%         N/A       96%         2
 Passwall                 Tmut/Erth      0%         N/A       96%         2
 Swiftness                Air            0%         N/A       99%         3


Dungeon Overview and Level Annotations

Branches:
Dungeon (2/15)

Altars:


Innate Abilities, Weirdness & Mutations

You have a pair of horns on your head.
You reflexively headbutt those who attack you in melee.


Message History

You hit the kobold.
You kill the kobold!
No target in view!
Things that are here:
a +0 club; a stone You open the door.
There is an open door here.
Found 6 poisoned darts.
Found a stone staircase leading up.
A rat comes into view.
A rat is nearby!
You closely miss the rat. The rat barely misses you. You furiously retaliate!
You headbutt the rat.
You kill the rat!
No target in view!
No target in view!
A frilled lizard comes into view.
The frilled lizard hisses angrily.
There is a stone staircase leading up here.
A frilled lizard is nearby!
A frilled lizard is nearby!
You miss the frilled lizard.
Your headbutt misses the frilled lizard.
The frilled lizard bites you but does no damage.
You block the frilled lizard's attack.
You miss the frilled lizard. You block the frilled lizard's attack.
You hit the frilled lizard.
You kill the frilled lizard!
No target in view!
Saving game... please wait.
Welcome back, MacCMillion the Minotaur Fighter.
Press ? for a list of commands and other information.
As you open the door, it creaks loudly!
Found 28 gold pieces and an ancient ring mail.
There is an open door here.
You now have 54 gold pieces (gained 10).
You see here the +0 ring mail "Feuwaad" {+Inv Will+}.
Welcome back, MacCMillion the Minotaur Fighter.
Press ? for a list of commands and other information.
Are you sure you want to abandon this character and quit the game? (Confirm with "yes".)

................#
###############.# # #.#
####### #.# ......# #.#
#####.#########'#######.
#........#..........
#<...........$......
#.#.†..#....@....... #.#
#.#.......#+#####... #.#
#.#.......# . #.#
#.####..### #.#
#...†......
#.#.#..#####..#
..#.......(....
.#####.######.#
.'............


There were no monsters in sight!

Vanquished Creatures
  3 bats (D:1)
  2 endoplasms (D:1)
  2 quokkas (D:1)
  2 ball pythons (D:1)
  5 frilled lizards
  2 kobolds
  4 rats
20 creatures vanquished.

Notes
Turn   | Place    | Note
-------+----------+-------------------------------------------
     0 | D:1      | MacCMillion the Minotaur Fighter began the quest for the
                  | Orb.
     0 | D:1      | Reached XP level 1. HP: 19/19 MP: 0/0
    99 | D:1      | Reached XP level 2. HP: 27/27 MP: 1/1
   340 | D:1      | Reached skill level 4 in Shields
   661 | D:2      | Identified the +0 ring mail "Feuwaad" {+Inv Will+}
   662 | D:2      | Quit the game

Illustrated notes

Levels and vault maps discovered:
D:1:      ncdulo_halloftheorcs, layout_basic
D:2:      layout_basic, hellmonk_ecumenical_altar_watching_god,
          kennysheep_generic_room_15

Skill      XL: |  1  2 |
---------------+-------+-----
Axes           | 3 |  3.2
Shields        | 4 |  4.0
Fighting       | |  3.8
Armour         | |  3.8

Action                     || total
---------------------------++-------
  Melee: War axe           ||    45
         Headbutt          ||     2
 Armour: Scale mail        ||    27
  Dodge: Dodged            ||    37
  Block: Buckler           ||     9

Table legend: (Time is in decaauts)
 A = Elapsed time spent in this place.
 B = Non-inter-level travel time spent in this place.
 C = Inter-level travel time spent in this place.
 D = Time resting spent in this place.
 E = Time spent auto-exploring this place.
 F = Levels seen in this place.
 G = Mean time per level.
                   A        B        C        D        E       F      G
               +--------+--------+--------+--------+--------+-----+--------+
         Total |    679 |    643 |     36 |      0 |    514 |   2 |  339.5 |
       Dungeon |    679 |    643 |     36 |      0 |    514 |   2 |  339.5 |
               +--------+--------+--------+--------+--------+-----+--------+

Top non-repeatable levels by time:
     D:1: 595 daAuts
     D:2: 83 daAuts
